 Dungeon Crawl Stone Soup version 0.32-a0-898-g7811c86cf0 (webtiles) character file.

Game seed: 15657715663545481857

446 DEFE the Chopper (level 7, -5/52 HPs)
             Began as a Coglin Fighter on Apr 4, 2024.
             Slain by a gnoll sergeant
             ... wielding a +0 trident
              (9 damage)
             ... on level 3 of the Dungeon.
             The game lasted 00:02:07 (3079 turns).

DEFE the Chopper (Coglin Fighter)                   Turns: 3079, Time: 00:02:08

Health: -5/52      AC:  8    Str: 19    XL:     7   Next: 3%
Magic:  7/7        EV:  6    Int:  7    God:
Gold:   49         SH:  0    Dex: 13    Spells: 6/6 levels left

rFire   . . .        a - +0 war axe {Iseul}
rCold   . . .        l - +2 whip (elec) {Noor}
rNeg    . . .        e - +0 chain mail
rPois   .            (no helmet)
rElec   .            (no cloak)
rCorr   .            (no gloves)
SInv    .            (no boots)
Will    .....        (amulet unavailable) Stlth
                     (ring unavailable)
HPRegen 0.28/turn    (ring unavailable)
MPRegen 0.10/turn    (no gizmo)

%: no passive effects
@: revved
A: off-hand wielding, slow wielding, warmup strikes, no jewellery
a: Invent Gizmo


You were on level 3 of the Dungeon.
You visited 1 branch of the dungeon, and saw 3 of its levels.

You collected 127 gold pieces.
You spent 78 gold pieces at shops.

Inventory:

Hand Weapons
 a - a +0 war axe (weapon) {Iseul}
 h - a +0 hand axe {Baqqanum}
 l - a +2 whip of electrocution (offhand) {Noor}
 t - a +1 demon whip of draining
Missiles
 s - 2 throwing nets (quivered)
Armour
 b - a +0 scale mail
 c - a +0 buckler
 e - a +0 chain mail (worn)
Scrolls
 f - 2 scrolls of identify {unknown}
 g - 2 scrolls of fog {unknown}
 i - 2 scrolls of poison {unknown}
 j - a scroll of summoning {unknown}
 k - a scroll of noise {unknown}
 m - 3 scrolls of vulnerability {unknown}
 n - a scroll of amnesia {unknown}
 r - a scroll of torment {unknown}
Potions
 d - a potion of might
 o - a potion of curing
 p - a potion of lignification
 q - a potion of ambrosia {unknown}


   Skills:
 - Level 3.0 Fighting
 + Level 7.3 Axes
 - Level 2.6 Armour
 - Level 2.1 Shields


You had 6 spell levels left.
You didn't know any spells.
Your spell library contained the following spells:

 Spells                   Type           Power      Damage    Failure   Level
 Necrotise                Necr           0%         1d4       99%         1
 Summon Ice Beast         Ice/Summ       0%         N/A       100%        3
 Vampiric Draining        Necr           0%         2d6       100%        3
 Martyr's Knell           Necr/Summ      0%         N/A       100%        4
 Curse of Agony           Necr           0%         N/A       100%        5
 Summon Mana Viper        Hex/Summ       0%         N/A       100%        5
 Monstrous Menagerie      Summ           0%         N/A       100%        7


Dungeon Overview and Level Annotations

Branches:
Dungeon (3/15)

Altars:

Shops:
D:3 !


Innate Abilities, Weirdness & Mutations

You can wield a second weapon in your off-hand.
It takes a long time for you to wield or remove held weapons.
Your first few attacks do less damage.
You cannot equip rings or amulets.


Message History

Unknown command.
You are too injured to fight recklessly!
Unknown command.
You feel better.
The orc shouts!
The gnoll hits you but does no damage.
The gnoll sergeant hits you from afar with a +0 trident.
The orc barely misses you.
Unknown command.
You aren't carrying any items that you can evoke.
Unknown command.
There is an open door here.
Items here: $ ) [ †.
t - a +1 demon whip of draining You hit the orc with your +2 whip of electrocution.
The orc is almost dead.
You closely miss the orc with your +0 war axe.
The orc hits you with a +0 hand axe.
Unknown command.
You hit the orc but do no damage.
The orc is almost dead.
You closely miss the orc with your +2 whip of electrocution.
The orc hits you with a +0 hand axe.
Unknown command.
You slash the orc with your +0 war axe!
You kill the orc!
The gnoll sergeant hits you from afar with a +0 trident.
Unknown command.
You hit the gnoll but do no damage. You hit the gnoll with your +0 war axe.
The gnoll sergeant hits you from afar with a +0 trident.
The gnoll hits you with a +0 halberd.
* * * LOW HITPOINT WARNING * * *
You hit the gnoll with your +2 whip of electrocution.
The gnoll is moderately wounded.
You hit the gnoll but do no damage.
The gnoll sergeant hits you but does no damage.
The gnoll hits you with a +0 halberd!
* * * LOW HITPOINT WARNING * * *
The gnoll sergeant hits you from afar with a +0 trident!
You die...

###### +...$#+#
#####+###....#.#
......#$#....#.#
....)g#(##)###.#
......#)#@..)..#
....googg...)..#
#####################.#
...#....#...........#.#
...'....'...........'.#
...#....#...........#'#
####''''#############...#
....................#...#≈~
~~~~....~≈~~~~≈~≈~≈≈#####≈~


You could see a gnoll sergeant, 2 gnolls and 2 orcs.

Vanquished Creatures
  Sigmund (D:2)
  Terence (D:3)
  11 gnolls
  4 adders
  2 dart slugs
  2 ribbon worms (D:3)
  12 orcs (D:3)
  3 bats
  6 endoplasms
  3 giant cockroaches
  4 goblins
  6 hobgoblins
  8 jackals
  3 kobolds
  5 quokkas
  8 ball pythons
  5 frilled lizards
  9 rats
93 creatures vanquished.

Notes
Turn   | Place    | Note
-------+----------+-------------------------------------------
     0 | D:1      | DEFE the Coglin Fighter began the quest for the Orb.
     0 | D:1      | Reached XP level 1. HP: 18/18 MP: 1/1
   310 | D:1      | Reached XP level 2. HP: 24/24 MP: 2/2
   650 | D:1      | Reached skill level 3 in Axes
   859 | D:1      | Reached XP level 3. HP: 29/29 MP: 3/3
  1151 | D:2      | Noticed Sigmund
  1400 | D:2      | Killed Sigmund
  1401 | D:2      | Reached skill level 5 in Axes
  1401 | D:2      | Reached XP level 4. HP: 29/35 MP: 4/4
  1401 | D:2      | Reached XP level 5. HP: 34/41 MP: 5/5
  1454 | D:2      | Reached skill level 6 in Axes
  1480 | D:2      | Reached XP level 6. HP: 46/47 MP: 6/6
  2305 | D:3      | Noticed Terence
  2308 | D:3      | Found Araest's Distillery.
  2311 | D:3      | Killed Terence
  2356 | D:3      | Bought a potion of curing for 39 gold pieces
  2356 | D:3      | Bought a potion of lignification for 39 gold pieces
  2790 | D:3      | Reached skill level 7 in Axes
  3067 | D:3      | Reached XP level 7. HP: 30/52 MP: 7/7
  3079 | D:3      | Slain by a gnoll sergeant

Illustrated notes

Levels and vault maps discovered:
D:1:      lemuel_arrival_room, layout_basic
D:2:      cheibrodos_helix_gallery, layout_rooms, uniq_sigmund
D:3:      lemuel_castle_with_subvaults [lemuel_castle_interior_carwin_1],
          layout_basic, tgw_sif, serial_shops,
          nicolae_shop_pleasant_corner_grove, uniq_ijyb, uniq_terence

Skill      XL: |  1  2  3  4  5  6 |
---------------+-------------------+-----
Axes           | 3 5 6 7 |  7.3
Fighting       | |  3.0
Armour         | |  2.6
Shields        | |  2.1

Action                     |  1- 3 |  4- 6 |  7- 9 || total
---------------------------+-------+-------+-------++-------
  Melee: War axe           |    98 |    80 |     8 ||   186
         Hand axe          |    22 |    21 |       ||    43
         Whip              |       |    49 |     7 ||    56
    Use: Potion            |       |       |     1 ||     1
 Armour: Chain mail        |    83 |    81 |    13 ||   177
         Scale mail        |     6 |       |       ||     6
  Dodge: Dodged            |    32 |    32 |     3 ||    67
  Block: Buckler           |    14 |       |       ||    14

Table legend: (Time is in decaauts)
 A = Elapsed time spent in this place.
 B = Non-inter-level travel time spent in this place.
 C = Inter-level travel time spent in this place.
 D = Time resting spent in this place.
 E = Time spent auto-exploring this place.
 F = Levels seen in this place.
 G = Mean time per level.
                   A        B        C        D        E       F      G
               +--------+--------+--------+--------+--------+-----+--------+
         Total |   3120 |   3081 |     39 |    915 |   1647 |   3 | 1040.0 |
       Dungeon |   3120 |   3081 |     39 |    915 |   1647 |   3 | 1040.0 |
               +--------+--------+--------+--------+--------+-----+--------+

Top non-repeatable levels by time:
     D:1: 1384 daAuts
     D:3: 923 daAuts
     D:2: 812 daAuts
